 Dungeon Crawl Stone Soup version 0.31-a0-726-g3c93526463 (webtiles) character file.

Game seed: 12224316558661969414

25167 Gargoyl the Cleaver (level 13, -15/126 HPs)
             Began as a Gargoyle Berserker on Sept 11, 2023.
             Was a Priest of Trog.
             Demolished by Rupert
             ... wielding a +4 vampiric battleaxe
              (26 damage)
             ... on level 4 of the Lair of Beasts.
             The game lasted 00:13:27 (11782 turns).

Gargoyl the Cleaver (Gargoyle Berserker)           Turns: 11782, Time: 00:13:28

Health: -15/126    AC: 29    Str: 22    XL:     13   Next: 17%
Magic:  13/13      EV: 12    Int:  8    God:    Trog [***...]
Gold:   1112       SH:  5    Dex: 13    Spells: 12/12 levels left

rFire   . . .        D - +5 hand axe (protect)
rCold   + . .        s - +0 buckler
rNeg    + . .        i - +0 scale mail
rPois   ∞            h - +1 helmet
rElec   +            M - scarf {repulsion}
rCorr   .            w - +0 pair of gloves
SInv    .            (no boots)
Will    +++..        n - amulet of regeneration Stlth
                     l - ring of protection from cold
HPRegen 2.21/turn    v - ring of willpower
MPRegen 0.13/turn

%: repel missiles
@: berserking (expiring), strong-willed (expiring), under a protective aura,
regenerating (expiring), very quick
A: sickness immunity, AC +9, negative energy resistance 1, electricity
resistance, torment resistance 1, petrification resistance
a: Renounce Religion, Berserk, Trog's Hand


You were on level 4 of the Lair of Beasts.
You worshipped Trog.
Trog was most pleased with you.
You visited 2 branches of the dungeon, and saw 14 of its levels.
You also visited: Ossuary.

You collected 1112 gold pieces.

Inventory:

Hand Weapons
 a - a +2 hand axe of electrocution
 m - a +4 spear of flaming
 D - a +5 hand axe of protection (weapon)
Missiles
 t - 2 curare-tipped darts (quivered)
Armour
 h - a +1 helmet (worn)
 i - a +0 scale mail (worn)
 s - a +0 buckler (worn)
 w - a +0 pair of gloves (worn)
 M - a scarf of repulsion (worn)
Jewellery
 l - a ring of protection from cold (left hand)
 n - an amulet of regeneration (around neck)
 u - a ring of magical power
 v - a ring of willpower (right hand)
Wands
 b - a wand of roots (21)
 p - a wand of flame (76)
 G - a wand of polymorph (11)
 H - a wand of charming (15)
 K - a wand of light (3)
Scrolls
 o - 2 scrolls of fog
 y - 4 scrolls of fear
 B - 9 scrolls of identify
 C - 2 scrolls of poison
 E - a scroll of immolation
 I - 2 scrolls of enchant armour
 L - a scroll of teleportation
 N - a scroll of brand weapon
 O - a scroll of torment
 P - a scroll of revelation {unknown}
Potions
 c - 2 potions of might
 d - 4 potions of curing
 e - 6 potions of enlightenment
 f - 2 potions of invisibility
 g - 3 potions of heal wounds
 j - 6 potions of ambrosia
 k - a potion of mutation {unknown}
 q - 4 potions of brilliance {unknown}
 r - 3 potions of degeneration {unknown}
 x - 3 potions of haste {unknown}
 z - 3 potions of attraction {unknown}
 A - 2 potions of resistance {unknown}
 F - a potion of cancellation {unknown}
 J - a potion of magic {unknown}


   Skills:
 + Level 11.3 Fighting
 + Level 13.5 Axes
 + Level 10.1 Armour
 + Level 6.0 Dodging
 + Level 3.3 Stealth
 + Level 6.8 Shields


You had 12 spell levels left.
You didn't know any spells.
Your spell library was empty.

Dungeon Overview and Level Annotations

Branches:
Dungeon (10/15)            Temple (0/1) D:5            Lair (4/5) D:10
  Swamp (0/4) Lair:3        Snake (0/4) Lair:2      Ossuary (visited)
  Slime: Lair:4-5       Orc: D:9-12

Altars:
Ashenzari
Dithmenos
Elyvilon
Kikubaaqudgha
Makhleb
Nemelex Xobeh
Qazlal
Ru
Trog
Uskayaw
Vehumet
Wu Jian
Xom
Zin
The Shining One
Jiyva

Shops:
D:7 :   D:10 *

Annotations:
D:9 3 transporters
Lair:4 Rupert


Innate Abilities, Weirdness & Mutations

You are immune to sickness and miasma.
Your stone body is resilient. (AC +9)
You are immune to poison.
You resist negative energy. (rN+)
You are resistant to electric shocks. (rElec)
You are resistant to unholy torment.
You are immune to petrification.


Message History

You hit Rupert.
Rupert is heavily wounded.
Rupert hits you but does no damage.
You hit Rupert.
Rupert is heavily wounded.
Rupert barely misses you.
Unknown command.
You slice Rupert!!
Rupert is heavily wounded.
Rupert hits you with a +4 vampiric battleaxe!!
* * * LOW HITPOINT WARNING * * *
Unknown command.
You closely miss Rupert.
Rupert is heavily wounded.
You slash Rupert!
Rupert is severely wounded.
You block Rupert's attack.
You slash Rupert!
Rupert is severely wounded.
Rupert barely misses you.
You slash Rupert!
Rupert is severely wounded.
You block Rupert's attack.
You closely miss Rupert.
Rupert is severely wounded.
You barely miss Rupert.
Rupert is severely wounded.
Rupert closely misses you.
You completely miss Rupert.
Rupert is severely wounded.
You barely miss Rupert.
Rupert is severely wounded.
You feel the effects of Trog's Hand fading.
Rupert hits you with a +4 vampiric battleaxe!!
* * * LOW HITPOINT WARNING * * *
You slash Rupert!
Rupert is severely wounded.
Rupert hits you with a +4 vampiric battleaxe!!
You die...
Rupert roars with triumph.

.##.......# .
###....##
..#P......#
.........##
.#......##
........#
##......####
#.P.....#.###
#.#........@# ..
#P...####@#
......... #P.#
...#..#.. ##.##
###.###.###...##
## ... ##.>.#
P.# ##.##
#.....P.#
#...@....


You could see Rupert (berserk).

Vanquished Creatures
  A catoblepas (Lair:2)
  2 two-headed ogres
  The ghost of hitsuchi the Geomancer, a novice MeEE of Vehumet (D:8)
  5 elephants (Lair:2)
  5 cane toads
  A gargoyle (D:10)
  2 rime drakes
  2 komodo dragons
  A troll (D:10)
  A polar bear (Lair:1)
  A queen bee (Lair:1)
  4 blink frogs (Lair:3)
  A hornet (D:9)
  Grinder (D:3)
  A slime creature (D:8)
  2 shadows (D:9)
  6 wyverns
  33 yaks
  5 basilisks
  Menkaure (D:7)
  Edmund (D:5)
  An acid dragon (D:10)
  A naga (Lair:2)
  7 water moccasins
  3 orc warriors
  3 ice beasts
  2 black bears
  2 centaurs
  4 ogres
  16 wolves
  2 phantoms
  5 elf zombies (Ossuary)
  3 kobold brigands
  7 bullfrogs
  2 scorpions
  3 gnoll sergeants
  6 wights
  33 killer bees
  An electric eel (Lair:3)
  A howler monkey (D:8)
  2 centaur zombies (Ossuary)
  2 hounds
  A gnoll bouda (D:5)
  5 jellies
  5 human zombies (Ossuary)
  7 orc priests
  A sleepcap (D:5)
  4 iguanas
  10 orc wizards
  3 hell rats (Lair:2)
  3 mummies (Ossuary)
  18 gnolls
  7 adders
  5 river rats (Lair:2)
  A white imp (D:6)
  2 ufetubi
  3 dart slugs
  30 orcs
  9 ball pythons
  9 endoplasms
  A giant cockroach (D:3)
  2 hobgoblins (D:3)
  3 quokkas (D:1)
  3 bats
  A frilled lizard (D:3)
  8 goblins
  19 kobolds
  7 rats
350 creatures vanquished.

Vanquished Creatures (collateral kills)
  Gastronok (Lair:3)
  3 yaks (Lair:2)
4 creatures vanquished.

Grand Total: 354 creatures vanquished

Notes
Turn   | Place    | Note
-------+----------+-------------------------------------------
     0 | D:1      | Gargoyl the Gargoyle Berserker began the quest for the Orb.
     0 | D:1      | Reached XP level 1. HP: 14/14 MP: 1/1
   235 | D:1      | Reached XP level 2. HP: 18/19 MP: 2/2
   282 | D:1      | Reached skill level 3 in Axes
   553 | D:1      | Reached XP level 3. HP: 23/24 MP: 3/3
  1008 | D:2      | Identified the +0 falchion of the World {protect, rC++
                  | Str-5 Dex+4}
  1370 | D:3      | Noticed Grinder
  1380 | D:3      | Killed Grinder
  1381 | D:3      | Reached skill level 4 in Axes
  1381 | D:3      | Reached skill level 1 in Stealth
  1381 | D:3      | Reached XP level 4. HP: 4/30 MP: 4/4
  1381 | D:3      | Reached XP level 5. HP: 5/34 MP: 5/5
  1381 | D:3      | Reached XP level 6. HP: 6/39 MP: 6/6
  1653 | D:3      | Reached ** piety under Trog
  2708 | D:4      | Found a glowing silver altar of Zin.
  2713 | D:4      | Found a white marble altar of Elyvilon.
  2717 | D:4      | Found a shadowy altar of Dithmenos.
  2718 | D:4      | Found a bloodstained altar of Trog.
  2719 | D:4      | Found a radiant altar of Vehumet.
  2846 | D:4      | Identified the +0 robe of Osmuewoh {Stlth+}
  2904 | D:5      | Entered Level 5 of the Dungeon
  2915 | D:5      | Reached skill level 5 in Axes
  2949 | D:5      | Reached XP level 7. HP: 22/44 MP: 7/7
  3377 | D:5      | Found a staircase to the Ecumenical Temple.
  3501 | D:5      | Reached skill level 5 in Fighting
  3622 | D:5      | Found a hide-covered altar of Uskayaw.
  3672 | D:5      | Noticed Edmund
  3686 | D:5      | Killed Edmund
  3687 | D:5      | Reached skill level 6 in Axes
  3960 | D:5      | Reached XP level 8. HP: 41/49 MP: 8/8
  4103 | D:6      | Reached skill level 5 in Armour
  4105 | D:6      | Reached *** piety under Trog
  4217 | D:6      | Reached skill level 7 in Axes
  4294 | D:6      | Reached skill level 1 in Shields
  4351 | D:6      | Found an ancient bone altar of Kikubaaqudgha.
  4443 | D:6      | Found a burning altar of Makhleb.
  4446 | D:6      | Found a glowing golden altar of the Shining One.
  4525 | D:6      | Reached XP level 9. HP: 53/55 MP: 9/9
  4745 | D:7      | Reached skill level 8 in Axes
  4745 | D:7      | Noticed Menkaure
  4755 | D:7      | Killed Menkaure
  4797 | D:7      | Found a shimmering altar of Xom.
  5021 | D:7      | Found Cuemnaut's Book Boutique.
  5547 | D:7      | Found a sacrificial altar of Ru.
  5696 | D:8      | Reached skill level 9 in Axes
  5780 | D:8      | Found a runed translucent gate.
  5780 | D:8      | Found a runed translucent gate.
  5781 | D:8      | Found a runed translucent gate.
  5781 | D:8      | Noticed hitsuchi's ghost (novice MeEE)
  5783 | D:8      | Found a viscous altar of Jiyva.
  5837 | D:8      | Reached XP level 10. HP: 63/63 MP: 10/10
  5925 | D:8      | Noticed a two-headed ogre
  5933 | D:8      | Killed a two-headed ogre
  5943 | D:8      | Found a sand-covered staircase.
  5948 | Ossuary  | Entered an ossuary
  6001 | Ossuary  | Reached skill level 10 in Axes
  6264 | D:8      | Found an ornate altar of the Wu Jian Council.
  6583 | D:8      | Killed hitsuchi's ghost
  6584 | D:8      | Reached skill level 11 in Axes
  6659 | D:9      | Reached **** piety under Trog
  6669 | D:9      | Reached XP level 11. HP: 69/69 MP: 11/11
  6825 | D:9      | Found a transporter.
  6886 | D:9      | Found a sparkling altar of Nemelex Xobeh.
  6886 | D:9      | Found a transporter.
  6886 | D:9      | Noticed a cyclops
  6886 | D:9      | Noticed a two-headed ogre
  6926 | D:9      | Found a broken altar of Ashenzari.
  6979 | D:9      | Identified the +12 flail of Destiny {freeze, Fly rElec
                  | Int-5 Dex+6}
  7143 | D:9      | Found a transporter.
  7555 | D:10     | Entered Level 10 of the Dungeon
  7555 | D:10     | Found Zimautwu's Gadget Gallery.
  7758 | D:10     | Found a staircase to the Lair.
  7840 | D:10     | Noticed a two-headed ogre
  7858 | D:10     | Killed a two-headed ogre
  8179 | Lair:1   | Entered Level 1 of the Lair of Beasts
  8342 | Lair:1   | Reached skill level 12 in Axes
  8481 | Lair:1   | Reached skill level 10 in Fighting
  8486 | Lair:1   | Reached XP level 12. HP: 72/77 MP: 12/12
  8685 | Lair:1   | Reached skill level 5 in Shields
  8699 | Lair:1   | Reached skill level 5 in Dodging
  9166 | Lair:2   | Identified the +0 ring mail of the Trees {Dex+2}
  9496 | Lair:2   | Noticed a catoblepas
  9522 | Lair:2   | Killed a catoblepas
  9523 | Lair:2   | Reached skill level 13 in Axes
  9698 | Lair:2   | Found a staircase to the Snake Pit.
  9865 | Lair:2   | Found a stormy altar of Qazlal.
 10445 | Lair:3   | Noticed Gastronok
 10457 | Lair:3   | Killed Gastronok
 10458 | Lair:3   | Reached skill level 10 in Armour
 10458 | Lair:3   | Reached XP level 13. HP: 84/84 MP: 13/13
 10610 | Lair:3   | Identified the +8 flail of Kismet {drain, rElec rF- rC+ rN+
                  | rCorr}
 11008 | Lair:3   | Found a staircase to the Swamp.
 11751 | Lair:4   | Noticed Rupert
 11782 | Lair:4   | Demolished by Rupert

Illustrated notes

Levels and vault maps discovered:
D:1:      minmay_arrival_glassed_features, layout_basic, chequers_arboretum
D:2:      layout_loops_cross
D:3:      layout_rooms, ebering_dispersal_statue_hall, uniq_grinder
D:4:      layout_rooms, minitemple, dk_noncrumbling_3
D:5:      layout_loops_corners, amcnicky_altar_gilded,
          minmay_temple_entry_trees, uniq_edmund
D:6:      layout_cave_pools, kiku_gazebo_pond_becter,
          mainiacjoe_overflow_large_starburst
D:7:      layout_basic, mainiacjoe_overflow_alcove_4, old_standard_altar,
          serial_shops, shop, uniq_menkaure
D:8:      layout_loops_ring, nzn_wu_jian_contemplation, enter_ossuary_5,
          gammafunk_ghost_ooze, small_statue_intersection
D:9:      gammafunk_steamed_eel, layout_cave_pods, lemuel_tele_altar,
          grunt_nemelex_the_gamble
D:10:     layout_roguey, lair_entry_dummy, dreamdust_wishing_well,
          nicolae_shop_gadgets
Lair:1:   layout_roguey [special_room_bee], grunt_forest_small_clearings,
          grunt_megastairs_3, lemuel_fruit_tree
Lair:2:   layout_loops_ring, guppyfry_snake_entry_island, basic_altar,
          kennysheep_abandoned_house, serial_bayou_shore_a
Lair:3:   layout_layer_cave, swamp_mist_pool, grunt_megastairs_1,
          infiniplex_staircase_pool, uniq_gastronok
Lair:4:   lemuel_slime, layout_loops_ring, slime_entry_1,
          gammafunk_lair_bear_cave, uniq_rupert, uniq_nessos

Skill      XL: |  1  2  3  4  5  6  7  8  9 10 11 12 13 |
---------------+----------------------------------------+-----
Axes           | 3 4 5 6 7 9 11 12 13 | 13.5
Fighting       | 4 5 6 7 8 10 11 | 11.3
Dodging        | 2 3 4 5 6 |  6.0
Stealth        | 1 2 3 |  3.3
Armour         | 3 4 5 7 8 10 | 10.1
Shields        | 1 3 4 6 |  6.8

Action                     |  1- 3 |  4- 6 |  7- 9 | 10-12 | 13-15 || total
---------------------------+-------+-------+-------+-------+-------++-------
  Melee: Hand axe          |    81 |   124 |   232 |   837 |   118 ||  1392
 Invoke: Berserk           |     2 |     1 |     8 |     8 |     1 ||    20
         Trog's Hand       |       |       |     7 |    13 |     1 ||    21
         Brothers in Arms  |       |       |       |     2 |     1 ||     3
    Use: Scroll            |     6 |     7 |     3 |     4 |       ||    20
   Stab: Sleeping          |     1 |       |       |       |       ||     1
         Petrified         |       |       |       |     3 |       ||     3
 Armour: Animal skin       |    64 |    12 |       |       |       ||    76
         Scale mail        |       |    74 |   162 |   559 |    63 ||   858
  Dodge: Dodged            |    43 |    73 |    92 |   427 |    62 ||   697
         Repelled          |       |       |       |     1 |       ||     1
  Block: Buckler           |       |       |    30 |   172 |    29 ||   231

Table legend: (Time is in decaauts)
 A = Elapsed time spent in this place.
 B = Non-inter-level travel time spent in this place.
 C = Inter-level travel time spent in this place.
 D = Time resting spent in this place.
 E = Time spent auto-exploring this place.
 F = Levels seen in this place.
 G = Mean time per level.
                   A        B        C        D        E       F      G
               +--------+--------+--------+--------+--------+-----+--------+
         Total |  11706 |  11184 |    522 |    868 |   7617 |  15 |  780.4 |
       Dungeon |   8093 |   7663 |    430 |    635 |   5279 |  10 |  809.3 |
          Lair |   3456 |   3364 |     92 |    233 |   2279 |   4 |  864.0 |
       Ossuary |    156 |    156 |      0 |      0 |     59 |   1 |  156.0 |
               +--------+--------+--------+--------+--------+-----+--------+

Top non-repeatable levels by time:
  Lair:3: 1249 daAuts
     D:5: 1197 daAuts
  Lair:2: 1193 daAuts
     D:7: 1009 daAuts
  Lair:1: 923 daAuts
     D:9: 899 daAuts
     D:2: 817 daAuts
     D:8: 794 daAuts
     D:3: 790 daAuts
     D:1: 711 daAuts
     D:6: 626 daAuts
     D:4: 624 daAuts
    D:10: 621 daAuts
 Ossuary: 156 daAuts
  Lair:4: 90 daAuts
